 Dungeon Crawl Stone Soup version 0.23.1-37-gaa34b87 (webtiles) character file.

Game seed: 10549001891845481148

506 davaitedunem the Nimble (level 6, -11/31 HPs)
             Began as a Felid Fighter on Mar 22, 2019.
             Was a Follower of Dithmenos.
             Mangled by a hornet (14 damage)
             ... on level 6 of the Dungeon.
             The game lasted 00:52:15 (4353 turns).

davaitedunem the Nimble (Felid Fighter)             Turns: 4353, Time: 00:52:16

Health: -11/31     AC:  2    Str: 16    XL:     6   Next: 97%
Magic:  7/7        EV: 24    Int: 10    God:    Dithmenos [*.....]
Gold:   379        SH:  0    Dex: 17    Spells: 5/5 levels left
                                        Lives:  0   Deaths: 2

rFire    . . .     SeeInvis +     - Unarmed
rCold    . . .     Gourm    .   (shield unavailable)
rNeg     . . .     Faith    .   (armour unavailable)
rPois    .         Spirit   .   (helmet unavailable)
rElec    .         Reflect  .   (cloak unavailable)
rCorr    .         Harm     .   (gloves unavailable)
MR       .....                  (boots unavailable)
Stlth    ++........             s - amulet of rage
HPRegen  0.10/turn              f - +4 ring of strength
MPRegen  0.10/turn              (no ring)

@: wreathed by umbra, quick
A: very small, no armour, no weapons or thrown items, stealth, claws 1, fangs 3,
see invisible, carnivore, speed 1, shaggy fur 2, slow metabolism 1, sharp paws
a: Renounce Religion, Evoke Berserk Rage


You were on level 6 of the Dungeon.
You worshipped Dithmenos.
Dithmenos was aware of your devotion.
You were not hungry.

You visited 1 branch of the dungeon, and saw 6 of its levels.

You collected 469 gold pieces.
You spent 90 gold pieces at shops.

Inventory:

Jewellery
 f - a +4 ring of strength (left paw)
 m - an uncursed amulet of harm
 s - an amulet of rage (around neck)
Wands
 t - a wand of iceblast (4)
Scrolls
 a - a scroll of amnesia {unknown}
 c - 5 scrolls of teleportation
 e - a scroll of immolation {unknown}
 h - 5 scrolls of remove curse {unknown}
 i - a scroll of fear
 k - a scroll of identify
 l - a scroll of fog {unknown}
 o - a scroll of random uselessness {unknown}
Potions
 d - 3 potions of invisibility
 g - 2 potions of flight
 j - 2 potions of berserk rage {unknown}
 n - 2 potions of degeneration {unknown}
 q - a potion of heal wounds {unknown}
 r - a potion of brilliance {unknown}
Comestibles
 b - 6 rations


   Skills:
 + Level 6.6 Fighting
 + Level 8.8 Dodging
 + Level 7.2 Unarmed Combat


You had 5 spell levels left.
You didn't know any spells.
Your spell library was empty.

Dungeon Overview and Level Annotations

Branches:
Dungeon (6/15)
 Temple: D:4-7

Altars:
Dithmenos
Hepliaklqana
Kikubaaqudgha
Sif Muna
Trog
Zin

Shops:
D:6 *

Annotations:
D:2 Natasha
D:5 dhn's ghost, novice MiFi


Innate Abilities, Weirdness & Mutations

You cannot wear armour.
You are incapable of wielding weapons or throwing items.
Your paws allow you to move quietly. (Stealth)
You have sharp claws.
You have razor-sharp teeth.
You have supernaturally acute eyesight. (SInv)
You are carnivorous and can eat meat at any time.
You cover ground quickly.
You are covered in thick fur. (AC +2)
You have a slow metabolism.
Your sharp claws are effective at attacking unaware monsters.


Message History

You barely miss the hornet. The hornet completely misses you.
The hornet stings you but does no damage.
You closely miss the hornet. The hornet stings you!
Ouch! That really hurt!
* * * LOW HITPOINT WARNING * * *
You feel yourself slow down.
You claw the hornet! You claw the hornet, but do no damage.
The hornet is moderately wounded.
The hornet completely misses you. The hornet misses you.
You miss the hornet. You claw the hornet!
The hornet is heavily wounded.
You feel yourself speed up. The hornet misses you. x2
You miss the hornet. You bite the hornet.
The hornet is severely wounded.
The hornet closely misses you.
You barely miss the hornet. Your bite misses the hornet.
The hornet is severely wounded.
The hornet stings you!
You die...

### #.# ##
#.#### ..
#(@y.# ##.
#>##.# #.$ ##
#.##.##### #.#
##.# #.##oh...#
#.# #..# #.#
####y####)#
##..# #)#
#†oh##.###..
##...# #)#
###........#
##...## #.#
####.#.#####
#...##
#.######.5....#


You could see a hornet.

Vanquished Creatures
  Sigmund (D:3)
  A sky beast (D:6)
  2 ogres (D:6)
  A centaur (D:6)
  A bullfrog (D:6)
  A scorpion (D:3)
  A howler monkey (D:5)
  5 crimson imps
  2 bullfrog skeletons
  A hound (D:6)
  2 orc priests
  A quasit (D:5)
  A gnoll shaman (D:4)
  4 worker ants
  Natasha (twice) (D:2)
  3 gnolls (D:4)
  5 adders
  2 shadow imps
  3 oozes (D:1)
  A dart slug (D:2)
  3 leopard geckos
  7 orcs
  8 giant cockroaches
  9 goblins
  6 hobgoblins
  6 jackals
  9 kobolds
  7 quokkas
  A ball python (D:2)
  5 bats
  4 frilled lizards
  2 quokka skeletons
  A quokka zombie (D:5)
  7 rats
115 creatures vanquished.

Notes
Turn   | Place    | Note
-------+----------+-------------------------------------------
     0 | D:1      | davaitedunem the Felid Fighter began the quest for the Orb.
     0 | D:1      | Reached XP level 1. HP: 10/10 MP: 2/2
   200 | D:1      | Reached XP level 2. HP: 12/14 MP: 3/3
   349 | D:1      | Reached XP level 3. HP: 15/17 MP: 4/4
   933 | D:2      | Found Zin's Purification Station.
   944 | D:2      | Found a glowing silver altar of Zin.
   955 | D:2      | Bought a potion of curing for 90 gold pieces
  1115 | D:2      | Noticed Natasha
  1118 | D:2      | Killed Natasha
  1118 | D:2      | Reached skill level 5 in Dodging
  1118 | D:2      | Reached XP level 4. HP: 13/22 MP: 5/5
  1169 | D:2      | Found a deep blue altar of Sif Muna.
  1252 | D:2      | Noticed Natasha
  1264 | D:2      | Killed Natasha
  1319 | D:2      | Noticed Natasha
  1682 | D:3      | Noticed Sigmund
  1698 | D:3      | HP: 1/22 [Sigmund/+0 scythe (6)]
  1707 | D:3      | Killed Sigmund
  1707 | D:3      | Reached skill level 6 in Dodging
  1707 | D:3      | Reached skill level 5 in Unarmed Combat
  1707 | D:3      | Reached XP level 5. HP: 8/25 MP: 6/6
  1707 | D:3      | Gained mutation: You are covered in thick fur. (AC +2)
                  | [Felid growth]
  1707 | D:3      | Reached XP level 6. HP: 9/29 MP: 7/7
  1976 | D:3      | Found a hazy altar of Hepliaklqana.
  2241 | D:4      | Found a shadowy altar of Dithmenos.
  2268 | D:4      | Became a worshipper of Dithmenos the Shadowed
  2375 | D:4      | Reached skill level 5 in Fighting
  2445 | D:4      | Found a bloodstained altar of Trog.
  2742 | D:5      | Entered Level 5 of the Dungeon
  2770 | D:5      | Reached XP level 7. HP: 33/33 MP: 8/8
  2897 | D:5      | Found an ancient bone altar of Kikubaaqudgha.
  2915 | D:5      | Reached skill level 7 in Dodging
  3279 | D:5      | Found a transporter.
  3301 | D:5      | Noticed dhn's ghost (novice MiFi)
  3306 | D:5      | Found a transporter.
  3987 | D:6      | Reached * piety under Dithmenos
  4056 | D:6      | Reached skill level 8 in Dodging
  4070 | D:6      | Reached XP level 8. HP: 12/38 MP: 9/9
  4194 | D:6      | Slain by an ice beast
  4195 | D:6      | Reached XP level 7. HP: 0/34 MP: 8/8
  4229 | D:6      | Found Hutifir's Lightly-Used Armoury.
  4303 | D:6      | Noticed a hornet
  4310 | D:6      | Slain by a hornet
  4311 | D:6      | Reached XP level 6. HP: -3/31 MP: 7/7
  4353 | D:6      | Mangled by a hornet

Skill      XL: |  1  2  3  4  5  6  7 |
---------------+----------------------+-----
Dodging        | 5 6 8 |  8.8
Fighting       | 4 5 6 |  6.6
Unarmed Combat | 5 7 |  7.2

Action                   |  1- 3 |  4- 6 |  7- 9 || total
-------------------------+-------+-------+-------++-------
Melee: Unarmed           |    94 |   151 |   130 ||   375
       Punch             |     1 |     4 |     5 ||    10
       Bite              |     9 |    16 |    15 ||    40
Evoke: Wand              |       |     2 |       ||     2
  Use: Scroll            |     3 |     1 |       ||     4
       Potion            |       |     3 |     3 ||     6
 Stab: Sleeping          |     6 |     3 |     3 ||    12
       Invisible         |       |       |     1 ||     1
  Eat: Chunk             |     8 |     3 |     2 ||    13
Armor: Skin              |     9 |     3 |     4 ||    16
Dodge: Dodged            |    58 |    90 |   115 ||   263
